 Dungeon Crawl Stone Soup version 0.27-a0-722-gc3fac4b (webtiles) character file.

Game seed: 13063462731146615712

121 Illumine the Magician (level 5, -2/37 HPs)
             Began as a Gnoll Hedge Wizard on Mar 3, 2021.
             Slain by an orc
             ... wielding a +0 long sword
              (7 damage)
             ... on level 3 of the Dungeon on Mar 23, 2021.
             The game lasted 00:06:57 (3998 turns).

Illumine the Magician (Gnoll Hedge Wizard)          Turns: 3998, Time: 00:06:57

Health: -2/37      AC:  2    Str:  9    XL:     5   Next: 5%
Magic:  9/14       EV: 13    Int: 15    God:
Gold:   118        SH:  0    Dex: 11    Spells: 13/18 levels left

rFire    . . .     SeeInvis .   t - +0 mace
rCold    . . .     Faith    .   (no shield)
rNeg     . . .     Spirit   .   b - +0 robe
rPois    .         Reflect  .   c - +0 hat
rElec    .         Harm     .   (no cloak)
rCorr    .         Rampage  .   (no gloves)
Will     .....                  (no boots)
Stlth    ++........             (no amulet)
HPRegen  0.12/turn              (no ring)
MPRegen  0.14/turn              (no ring)

@: no status effects
A: fangs 1, strong nose, distributed training
a: no special abilities


You were on level 3 of the Dungeon.
You visited 1 branch of the dungeon, and saw 3 of its levels.

You collected 118 gold pieces.

Inventory:

Hand Weapons
 t - a +0 mace (weapon)
Missiles
 j - 8 curare-tipped darts
Armour
 b - a +0 robe (worn)
 c - a +0 hat (worn)
Jewellery
 m - a ring of ice
 r - a +4 ring of protection
Scrolls
 a - a scroll of magic mapping {unknown}
 d - a scroll of blinking {unknown}
 g - 2 scrolls of enchant armour {unknown}
 l - 2 scrolls of teleportation {unknown}
 o - a scroll of enchant weapon {unknown}
 p - 2 scrolls of identify {unknown}
 q - a scroll of amnesia {unknown}
 s - a scroll of fear {unknown}
Potions
 e - a potion of resistance {unknown}
 f - a potion of magic {unknown}
 h - a potion of lignification {unknown}
 i - 2 potions of haste
 k - a potion of brilliance {unknown}
 n - a potion of curing {unknown}


   Skills:
 + Level 1.3 Fighting
 + Level 1.3 Short Blades
 + Level 1.3 Long Blades
 + Level 1.3 Axes
 + Level 1.3 Maces & Flails
 + Level 1.3 Polearms
 + Level 1.3 Staves
 + Level 1.3 Slings
 + Level 1.3 Bows
 + Level 1.3 Crossbows
 + Level 1.3 Throwing
 + Level 1.3 Armour
 + Level 4.7 Dodging
 + Level 4.3 Stealth
 + Level 1.3 Shields
 + Level 1.3 Unarmed Combat
 + Level 7.2 Spellcasting
 + Level 2.3 Conjurations
 + Level 1.0 Hexes
 + Level 2.3 Summonings
 + Level 1.0 Necromancy
 + Level 2.3 Translocations
 + Level 1.0 Transmutations
 + Level 1.0 Fire Magic
 + Level 1.0 Ice Magic
 + Level 1.0 Air Magic
 + Level 1.0 Earth Magic
 + Level 1.0 Poison Magic
 + Level 1.4 Invocations
 + Level 1.3 Evocations


You had 13 spell levels left.
You knew the following spells:

 Your Spells              Type           Power      Damage    Failure   Level
a - Magic Dart            Conj           48%        1d5       4%          1
b - Blink                 Tloc           N/A        N/A       8%          2
c - Call Imp              Summ           12%        N/A       8%          2

Your spell library contained the following spells:

 Spells                   Type           Power      Damage    Failure   Level
 Slow                     Hex            8%         N/A       13%         2
 Conjure Flame            Conj/Fire      10%        6-21      19%         3
 Mephitic Cloud           Conj/Pois/Air  9%         N/A       22%         3


Dungeon Overview and Level Annotations

Branches:
Dungeon (3/15)

Altars:
Elyvilon


Innate Abilities, Weirdness & Mutations

You have very sharp teeth.
Your uncanny sense of smell can sniff out nearby items.
Your experience applies equally to all skills.


Message History

HP restored.
You climb downwards.
The orc drinks a potion.
The orc seems to speed up.
The worm closely misses you.
There is a stone staircase leading up here.
Casting: Call Imp (safe; 8% risk of failure)
Confirm with . or Enter, or press ? or * to list all spells.
A beastly little devil appears in a puff of flame.
The worm bites you!
Casting: Call Imp (safe; 8% risk of failure)
Confirm with . or Enter, or press ? or * to list all spells.
A beastly little devil appears in a puff of frigid air.
Your white imp says, "You called?"
The orc hits you with a +0 long sword!
Something closely misses your white imp.
Your crimson imp blinks!
The orc hits you with a +0 long sword.
* * * LOW HITPOINT WARNING * * *
Your crimson imp blinks!
Casting: Call Imp (safe; 8% risk of failure)
Confirm with . or Enter, or press ? or * to list all spells.
Okay, then.
Casting: Call Imp (safe; 8% risk of failure)
Confirm with . or Enter, or press ? or * to list all spells.
You blink.
Your crimson imp blinks!
Unknown command.
Unknown command.
Your white imp barely misses the worm.
An orc comes into view. It is wielding a +0 mace.
Your crimson imp blinks!
Your white imp hits the worm.
Your white imp freezes the worm.
Something hits your white imp.
Your white imp dies!
Your crimson imp barely misses the worm.
The orc barely misses you. The orc hits you with a +0 long sword.
* * * LOW HITPOINT WARNING * * *
There is a stone staircase leading up, spattered with blood here.
The orc hits you with a +0 long sword!
You die...

. ########## ##.# #.. #.
#........# #..# #..
#.####..5.....# #..# #..
#.......w..(..# ##..# #..
#....<......####...###..
#....#####.......#.#....
#.<.....###.............
#...).......#...##...##.
##....#@o.....#.##.####.
###.##w#$.##...#....# #.
....#..#..#...###... #.
####..#)##......###...##.
##...###$..........##.
##..)..........#...g.
##...(......?...# ##..
#......o..........
#..(...............


You could see an orc (fast).

Vanquished Creatures
  Robin (D:3)
  4 adders (D:2)
  A worm (D:2)
  2 orcs (D:3)
  6 removed leopard geckos
  2 ball pythons
  A giant cockroach (D:3)
  12 goblins
  8 hobgoblins
  8 bats
  3 frilled lizards
  6 kobolds
  8 rats
62 creatures vanquished.

Vanquished Creatures (collateral kills)
  An orc (D:3)
  A giant cockroach (D:2)
2 creatures vanquished.

Grand Total: 64 creatures vanquished

Notes
Turn   | Place    | Note
-------+----------+-------------------------------------------
     0 | D:1      | Illumine the Gnoll Hedge Wizard began the quest for the
                  | Orb.
     0 | D:1      | Reached XP level 1. HP: 13/13 MP: 8/8
   153 | D:1      | Reached XP level 2. HP: 19/19 MP: 2/10
   750 | D:1      | Reached XP level 3. HP: 25/25 MP: 8/11
  1078 | D:2      | Upgraded the game from 0.27-a0-521-g61e7d87 to
                  | 0.27-a0-562-g0d39f09
  1273 | D:2      | Found a white marble altar of Elyvilon.
  1284 | D:2      | Reached skill level 1 in Invocations
  1491 | D:2      | Learned a level 2 spell: Blink
  1494 | D:2      | Learned a level 2 spell: Call Imp
  1623 | D:2      | Reached skill level 1 in Fighting
  1623 | D:2      | Reached skill level 1 in Short Blades
  1623 | D:2      | Reached skill level 1 in Long Blades
  1623 | D:2      | Reached skill level 1 in Axes
  1623 | D:2      | Reached skill level 1 in Maces & Flails
  1623 | D:2      | Reached skill level 1 in Polearms
  1623 | D:2      | Reached skill level 1 in Staves
  1623 | D:2      | Reached skill level 1 in Slings
  1623 | D:2      | Reached skill level 1 in Bows
  1623 | D:2      | Reached skill level 1 in Crossbows
  1623 | D:2      | Reached skill level 1 in Throwing
  1623 | D:2      | Reached skill level 1 in Armour
  1623 | D:2      | Reached skill level 1 in Shields
  1623 | D:2      | Reached skill level 1 in Unarmed Combat
  1623 | D:2      | Reached skill level 1 in Evocations
  1952 | D:2      | Reached XP level 4. HP: 18/32 MP: 9/13
  2820 | D:3      | Upgraded the game from 0.27-a0-562-g0d39f09 to
                  | 0.27-a0-577-ge2a43ba
  3055 | D:3      | Upgraded the game from 0.27-a0-577-ge2a43ba to
                  | 0.27-a0-652-g2d5cf1d
  3139 | D:3      | Reached skill level 1 in Hexes
  3139 | D:3      | Reached skill level 1 in Necromancy
  3139 | D:3      | Reached skill level 1 in Transmutations
  3139 | D:3      | Reached skill level 1 in Fire Magic
  3139 | D:3      | Reached skill level 1 in Ice Magic
  3139 | D:3      | Reached skill level 1 in Air Magic
  3139 | D:3      | Reached skill level 1 in Earth Magic
  3139 | D:3      | Reached skill level 1 in Poison Magic
  3167 | D:3      | Upgraded the game from 0.27-a0-652-g2d5cf1d to
                  | 0.27-a0-720-g3f424a2
  3167 | D:3      | Upgraded the game from 0.27-a0-720-g3f424a2 to
                  | 0.27-a0-722-gc3fac4b
  3168 | D:3      | Noticed Robin
  3203 | D:3      | Killed Robin
  3608 | D:3      | Reached XP level 5. HP: 37/37 MP: 11/14
  3998 | D:3      | Slain by an orc

Illustrated notes

Levels and vault maps discovered:
D:1:      sevenhm_arrival_forest_fort_small_3, layout_basic
D:2:      layout_basic, elyvilon_altar_1
D:3:      layout_rooms, uniq_robin

Skill      XL: |  1  2  3  4 |
---------------+-------------+-----
Conjurations   | 2 |  2.3
Summonings     | 2 |  2.3
Translocations | 2 |  2.3
Invocations    | 1 |  1.4
Fighting       | 1 |  1.3
Short Blades   | 1 |  1.3
Long Blades    | 1 |  1.3
Axes           | 1 |  1.3
Maces & Flails | 1 |  1.3
Polearms       | 1 |  1.3
Staves         | 1 |  1.3
Slings         | 1 |  1.3
Bows           | 1 |  1.3
Crossbows      | 1 |  1.3
Throwing       | 1 |  1.3
Armour         | 1 |  1.3
Shields        | 1 |  1.3
Unarmed Combat | 1 |  1.3
Evocations     | 1 |  1.3
Hexes          | 1 |  1.0
Necromancy     | 1 |  1.0
Transmutations | 1 |  1.0
Fire Magic     | 1 |  1.0
Ice Magic      | 1 |  1.0
Air Magic      | 1 |  1.0
Earth Magic    | 1 |  1.0
Poison Magic   | 1 |  1.0
Dodging        | |  4.7
Stealth        | |  4.3
Spellcasting   | |  7.2

Action                   |  1- 3 |  4- 6 || total
-------------------------+-------+-------++-------
Melee: Mace              |     3 |    32 ||    35
       Dagger            |     3 |       ||     3
       Bite              |       |     3 ||     3
 Cast: Magic Dart        |    84 |    83 ||   167
       Call Imp          |       |     5 ||     5
       Blink             |       |     1 ||     1
 Stab: Distracted        |       |     1 ||     1
Armor: Robe              |     4 |     6 ||    10
Dodge: Dodged            |    12 |    50 ||    62

Table legend: (Time is in decaauts)
 A = Elapsed time spent in this place.
 B = Non-inter-level travel time spent in this place.
 C = Inter-level travel time spent in this place.
 D = Time resting spent in this place.
 E = Time spent auto-exploring this place.
 F = Levels seen in this place.
 G = Mean time per level.
                   A        B        C        D        E       F      G
               +--------+--------+--------+--------+--------+-----+--------+
         Total |   4016 |   3734 |    282 |   1518 |   1759 |   3 | 1338.7 |
       Dungeon |   4016 |   3734 |    282 |   1518 |   1759 |   3 | 1338.7 |
               +--------+--------+--------+--------+--------+-----+--------+

Top non-repeatable levels by time:
     D:2: 2506 daAuts
     D:1: 955 daAuts
     D:3: 554 daAuts
